Map: Catalyst LE

Players

A.I. 1 (Very Easy) - Winner!

  • Race: Terran Terran
  • Spawn Location: 5:00

tbirdd

  • Race: Terran Terran
  • Spawn Location: 11:00

VOD

Have the link to the VOD?

Description

Time

  • Played on: Jan. 28, 2018, 12:35 a.m.
  • Length: 7:23
Show
View Real Time Build Order
Export as new Build Order

A.I. 1 (Very Easy) Terran - Winner!

Build Orders: Banshee Rush 

Get SALT Encoding   

  1  0:00  Zerg Flyer Weapons Level 3, Terran Vehicle and Ship Weapons Level 2, Zerg Melee Weapons Level 1, Protoss Ground Armor Level 1, Zerg Missile Weapons Level 1, Zerg Flyer Armor Level 1, Blink, Protoss Ground Weapons Level 2, Terran Infantry Weapons Level 3, Terran Infantry Armor Level 2, Zerg Missile Weapons Level 3, Protoss Shields Level 2, Terran Vehicle And Ship Armor Level 3, Terran Vehicle Armor Level 2, Zerg Ground Armor Level 2, Protoss Air Weapons Level 1, Terran Vehicle Armor Level 1, SCV, Terran Vehicle And Ship Armor Level 2, Protoss Air Weapons Level 2, Zerg Flyer Weapons Level 1, Protoss Shields Level 3, Terran Vehicle And Ship Armor Level 1, Terran Vehicle and Ship Weapons Level 1, Terran Ship Weapons Level 1, Zerg Melee Weapons Level 3, Terran Ship Weapons Level 2, Terran Infantry Weapons Level 1, Protoss Air Armor Level 2, Zerg Missile Weapons Level 2, Terran Vehicle and Ship Weapons Level 3, Protoss Ground Armor Level 3, Protoss Shields Level 1, Terran Vehicle Weapons Level 2, Protoss Air Armor Level 3, Zerg Flyer Weapons Level 2, Terran Ship Armor Level 1, Protoss Ground Weapons Level 1, Protoss Ground Weapons Level 3, Terran Ship Armor Level 2, Protoss Air Armor Level 1, Zerg Melee Weapons Level 2, Terran Vehicle Armor Level 3, Zerg Flyer Armor Level 3, Terran Infantry Armor Level 1, Terran Infantry Weapons Level 2, Terran Ship Weapons Level 3, Terran Infantry Armor Level 3, Terran Vehicle Weapons Level 1, Protoss Air Weapons Level 3, Terran Vehicle Weapons Level 3, Zerg Ground Armor Level 1, Protoss Ground Armor Level 2, Terran Ship Armor Level 3, Zerg Flyer Armor Level 2, Zerg Ground Armor Level 3  
  13  0:13  Weapon Refit, Charge, SCV, Warp Gate, Resonating Glaives, Stimpack, Neosteel Armor, Extended Thermal Lance  
  14  0:18  Supply Depot  
  14  0:20  Ventral Sacs, Adrenal Glands  
  14  0:27  Personal Cloaking  
  14  0:34  Cloaking Field, Combat Shield, Drilling Claws, Neosteel Frame, Neural Parasite, Chitinous Plating, Centrifugal Hooks, Psionic Storm, Corvid Reactor, Metabolic Boost, Infernal Pre-Igniter, 250mm Strike Cannons, Glial Reconstitution, Tunneling Claws  
  14  0:42  Barracks, Burrow, Muscular Augments x3  
  14  0:49  Anion Pulse-Crystals  
  14  0:55  Protoss Ground Weapons Level 3, Protoss Shields Level 3, Protoss Ground Armor Level 3  
  14  0:56  Gravitic Boosters, Behemoth Reactor, Gravitic Drive, Graviton Catapult, Caduceus Reactor, Hi-Sec Auto Tracking, Moebius Reactor, Pathogen Glands  
  14  1:04  Command Center  
  14  1:06  Zerg Flyer Armor Level 3, Zerg Melee Weapons Level 3, Terran Ship Weapons Level 3, Terran Infantry Armor Level 3, Protoss Air Armor Level 3, Protoss Air Weapons Level 3, Terran Infantry Weapons Level 3, Zerg Flyer Weapons Level 3, Zerg Missile Weapons Level 3, Terran Vehicle Weapons Level 3, Terran Vehicle And Ship Armor Level 3, Terran Ship Armor Level 3, Terran Vehicle Armor Level 3, Terran Vehicle and Ship Weapons Level 3, Zerg Ground Armor Level 3  
  14  1:10  Concussive Shells, Pneumatized Carapace  
  14  1:18  Protoss Ground Armor Level 2, Protoss Shields Level 2, Protoss Ground Weapons Level 2  
  14  1:27  Terran Infantry Weapons Level 2, Zerg Ground Armor Level 2, Terran Vehicle And Ship Armor Level 2, Terran Vehicle Weapons Level 2, Protoss Air Weapons Level 2, Zerg Missile Weapons Level 2, Zerg Flyer Weapons Level 2, Terran Infantry Armor Level 2, Terran Ship Armor Level 2, Terran Vehicle Armor Level 2, Terran Vehicle and Ship Weapons Level 2, Zerg Melee Weapons Level 2, Terran Ship Weapons Level 2, Zerg Flyer Armor Level 2, Protoss Air Armor Level 2  
  14  1:29  Marine  
  14  1:32  Supply Depot  
  15  1:38  Refinery  
  15  1:41  Protoss Ground Weapons Level 1, Protoss Shields Level 1, SCV x12, Protoss Ground Armor Level 1  
  15  1:42  Blink  
  15  1:49  Terran Infantry Armor Level 1, Terran Vehicle and Ship Weapons Level 1, Terran Vehicle Weapons Level 1, Zerg Missile Weapons Level 1, Zerg Flyer Armor Level 1, Terran Vehicle And Ship Armor Level 1, Terran Ship Armor Level 1, Terran Vehicle Armor Level 1, Protoss Air Armor Level 1, Zerg Melee Weapons Level 1, Terran Ship Weapons Level 1, Terran Infantry Weapons Level 1, Zerg Ground Armor Level 1, Zerg Flyer Weapons Level 1, Protoss Air Weapons Level 1  
  15  1:50  Refinery  
  15  1:53  Unknown x4, SCV  
  13  2:03  Weapon Refit, Charge, Warp Gate, Resonating Glaives, Stimpack, Neosteel Armor, Extended Thermal Lance  
  13  2:05  SCV  
  14  2:10  Ventral Sacs, Adrenal Glands  
  14  2:12  Supply Depot  
  14  2:17  Personal Cloaking  
  14  2:24  Cloaking Field, Combat Shield, Drilling Claws, Neosteel Frame, Neural Parasite, Chitinous Plating, Centrifugal Hooks, Psionic Storm, Corvid Reactor, Metabolic Boost, Infernal Pre-Igniter, 250mm Strike Cannons, Glial Reconstitution, Tunneling Claws  
  14  2:32  Burrow, Muscular Augments x3  
  14  2:36  Barracks  
  14  2:39  Anion Pulse-Crystals  
  14  2:45  Protoss Ground Weapons Level 3, Protoss Shields Level 3, Protoss Ground Armor Level 3  
  14  2:46  Gravitic Boosters, Behemoth Reactor, Gravitic Drive, Graviton Catapult, Refinery, Caduceus Reactor, Hi-Sec Auto Tracking, Moebius Reactor, Pathogen Glands  
  14  2:54  Refinery  
  14  2:56  Zerg Flyer Armor Level 3, Zerg Melee Weapons Level 3, Terran Ship Weapons Level 3, Terran Infantry Armor Level 3, Protoss Air Armor Level 3, Protoss Air Weapons Level 3, Terran Infantry Weapons Level 3, Zerg Flyer Weapons Level 3, Zerg Missile Weapons Level 3, Terran Vehicle Weapons Level 3, Terran Vehicle And Ship Armor Level 3, Terran Ship Armor Level 3, Terran Vehicle Armor Level 3, Terran Vehicle and Ship Weapons Level 3, Zerg Ground Armor Level 3  
  14  2:58  SCV  
  15  3:00  Concussive Shells, Pneumatized Carapace  
  15  3:08  Protoss Ground Armor Level 2, Protoss Shields Level 2, Protoss Ground Weapons Level 2  
  15  3:10  SCV  
  16  3:17  Terran Infantry Weapons Level 2, Zerg Ground Armor Level 2, Terran Vehicle And Ship Armor Level 2, Terran Vehicle Weapons Level 2, Protoss Air Weapons Level 2, Zerg Missile Weapons Level 2, Zerg Flyer Weapons Level 2, Terran Infantry Armor Level 2, Terran Ship Armor Level 2, Terran Vehicle Armor Level 2, Terran Vehicle and Ship Weapons Level 2, Zerg Melee Weapons Level 2, Terran Ship Weapons Level 2, Zerg Flyer Armor Level 2, Protoss Air Armor Level 2  
  16  3:22  Supply Depot  
  17  3:31  Protoss Ground Weapons Level 1, SCV x12, Protoss Shields Level 1, Protoss Ground Armor Level 1  
  17  3:32  Blink  
  17  3:39  Terran Infantry Armor Level 1, Terran Vehicle and Ship Weapons Level 1, Terran Vehicle Weapons Level 1, Zerg Missile Weapons Level 1, Zerg Flyer Armor Level 1, Terran Vehicle And Ship Armor Level 1, Terran Ship Armor Level 1, Terran Vehicle Armor Level 1, Protoss Air Armor Level 1, Zerg Melee Weapons Level 1, Terran Ship Weapons Level 1, Terran Infantry Weapons Level 1, Zerg Ground Armor Level 1, Zerg Flyer Weapons Level 1, Protoss Air Weapons Level 1  
  17  3:43  Unknown x4, SCV  
  13  3:53  Weapon Refit, Charge, Warp Gate, Resonating Glaives, Stimpack, Neosteel Armor, Extended Thermal Lance  
  13  3:58  Supply Depot  
  13  4:00  Ventral Sacs, Adrenal Glands  
  13  4:07  Personal Cloaking  
  13  4:14  Cloaking Field, Combat Shield, Drilling Claws, Neosteel Frame, Neural Parasite, Chitinous Plating, Centrifugal Hooks, Psionic Storm, Corvid Reactor, Metabolic Boost, Infernal Pre-Igniter, 250mm Strike Cannons, Glial Reconstitution, Tunneling Claws  
  13  4:21  SCV  
  13  4:22  Burrow, Muscular Augments x3  
  13  4:23  Barracks  
  14  4:29  Anion Pulse-Crystals  
  14  4:36  Gravitic Boosters, Behemoth Reactor, Gravitic Drive, Graviton Catapult, Caduceus Reactor, Hi-Sec Auto Tracking, Moebius Reactor, Pathogen Glands  
  14  4:50  Concussive Shells, Pneumatized Carapace  
  14  4:58  Supply Depot  
  14  5:05  Refinery  
  14  5:07  SCV  
  15  5:08  Refinery  
  15  5:09  Marine  
  16  5:19  SCV  
  16  5:20  SCV x12  
  17  5:32  Unknown  
  17  5:33  Unknown x3, SCV  
  13  5:48  Supply Depot  
  13  6:11  Barracks  
  13  6:18  SCV  
  14  6:31  Refinery  
  14  6:39  Refinery  
  14  6:44  SCV  
  15  6:56  SCV  
  15  6:57  Marine  
  15  6:58  Supply Depot  
  17  7:08  SCV  
Show
View Real Time Build Order
Export as new Build Order

tbirdd Terran 

Build Orders: Banshee Rush 

Get SALT Encoding   

  1  0:00  Zerg Flyer Weapons Level 3, Terran Vehicle and Ship Weapons Level 2, Zerg Melee Weapons Level 1, Protoss Ground Armor Level 1, Zerg Missile Weapons Level 1, Zerg Flyer Armor Level 1, Blink, Protoss Ground Weapons Level 2, Terran Infantry Weapons Level 3, Terran Infantry Armor Level 2, Zerg Missile Weapons Level 3, Protoss Shields Level 2, Terran Vehicle And Ship Armor Level 3, Terran Vehicle Armor Level 2, Zerg Ground Armor Level 2, Protoss Air Weapons Level 1, Terran Vehicle Armor Level 1, Terran Vehicle And Ship Armor Level 2, Protoss Air Weapons Level 2, Zerg Flyer Weapons Level 1, Protoss Shields Level 3, Terran Vehicle And Ship Armor Level 1, Terran Vehicle and Ship Weapons Level 1, Terran Ship Weapons Level 1, Zerg Melee Weapons Level 3, Terran Ship Weapons Level 2, Terran Infantry Weapons Level 1, Protoss Air Armor Level 2, Zerg Missile Weapons Level 2, Terran Vehicle and Ship Weapons Level 3, Protoss Ground Armor Level 3, Protoss Shields Level 1, Terran Vehicle Weapons Level 2, Protoss Air Armor Level 3, Zerg Flyer Weapons Level 2, Terran Ship Armor Level 1, Protoss Ground Weapons Level 1, Protoss Ground Weapons Level 3, Terran Ship Armor Level 2, Protoss Air Armor Level 1, Zerg Melee Weapons Level 2, Terran Vehicle Armor Level 3, Zerg Flyer Armor Level 3, Terran Infantry Armor Level 1, Terran Infantry Weapons Level 2, Terran Ship Weapons Level 3, Terran Infantry Armor Level 3, Terran Vehicle Weapons Level 1, Protoss Air Weapons Level 3, Terran Vehicle Weapons Level 3, Zerg Ground Armor Level 1, Protoss Ground Armor Level 2, Terran Ship Armor Level 3, Zerg Flyer Armor Level 2, Zerg Ground Armor Level 3  
  12  0:01  SCV  
  13  0:13  Weapon Refit, Charge, SCV, Warp Gate, Resonating Glaives, Stimpack, Neosteel Armor, Extended Thermal Lance  
  14  0:17  Supply Depot  
  14  0:20  Ventral Sacs, Adrenal Glands  
  14  0:25  SCV  
  14  0:27  Personal Cloaking  
  15  0:34  Cloaking Field, Combat Shield, Drilling Claws, Neosteel Frame, Neural Parasite, Chitinous Plating, Centrifugal Hooks, Psionic Storm, Corvid Reactor, Metabolic Boost, Infernal Pre-Igniter, 250mm Strike Cannons, Glial Reconstitution, Tunneling Claws  
  15  0:39  SCV  
  15  0:41  Barracks  
  15  0:42  Burrow, Muscular Augments x3  
  16  0:45  Refinery  
  16  0:49  Anion Pulse-Crystals  
  16  0:51  SCV  
  16  0:55  Protoss Ground Weapons Level 3, Protoss Shields Level 3, Protoss Ground Armor Level 3  
  16  0:56  Gravitic Boosters, Behemoth Reactor, Gravitic Drive, Graviton Catapult, Caduceus Reactor, Hi-Sec Auto Tracking, Moebius Reactor, Pathogen Glands  
  17  1:03  SCV  
  18  1:06  Zerg Flyer Armor Level 3, Zerg Melee Weapons Level 3, Terran Ship Weapons Level 3, Terran Infantry Armor Level 3, Protoss Air Armor Level 3, Protoss Air Weapons Level 3, Terran Infantry Weapons Level 3, Zerg Flyer Weapons Level 3, Zerg Missile Weapons Level 3, Terran Vehicle Weapons Level 3, Terran Vehicle And Ship Armor Level 3, Terran Ship Armor Level 3, Terran Vehicle Armor Level 3, Terran Vehicle and Ship Weapons Level 3, Zerg Ground Armor Level 3  
  18  1:10  Concussive Shells, Pneumatized Carapace  
  18  1:15  SCV  
  18  1:18  Protoss Ground Armor Level 2, Protoss Shields Level 2, Protoss Ground Weapons Level 2  
  19  1:27  Terran Infantry Weapons Level 2, Zerg Ground Armor Level 2, Terran Vehicle And Ship Armor Level 2, Terran Vehicle Weapons Level 2, Protoss Air Weapons Level 2, Zerg Missile Weapons Level 2, Zerg Flyer Weapons Level 2, Terran Infantry Armor Level 2, Terran Ship Armor Level 2, Terran Vehicle Armor Level 2, Terran Vehicle and Ship Weapons Level 2, Zerg Melee Weapons Level 2, Terran Ship Weapons Level 2, Zerg Flyer Armor Level 2, Protoss Air Armor Level 2  
  20  1:41  Protoss Ground Weapons Level 1, Protoss Shields Level 1, SCV x12, Protoss Ground Armor Level 1  
  20  1:42  Blink  
  20  1:43  Command Center  
  20  1:49  Terran Infantry Armor Level 1, Terran Vehicle and Ship Weapons Level 1, Terran Vehicle Weapons Level 1, Zerg Missile Weapons Level 1, Zerg Flyer Armor Level 1, Terran Vehicle And Ship Armor Level 1, Terran Ship Armor Level 1, Terran Vehicle Armor Level 1, Protoss Air Armor Level 1, Zerg Melee Weapons Level 1, Terran Ship Weapons Level 1, Terran Infantry Weapons Level 1, Zerg Ground Armor Level 1, Zerg Flyer Weapons Level 1, Protoss Air Weapons Level 1  
  20  1:53  Unknown x4  
  12  1:54  SCV  
  13  2:03  Weapon Refit, Charge, Warp Gate, Resonating Glaives, Stimpack, Neosteel Armor, Extended Thermal Lance  
  13  2:06  SCV  
  14  2:10  Ventral Sacs, Supply Depot, Adrenal Glands  
  14  2:17  Personal Cloaking  
  14  2:18  SCV  
  15  2:24  Cloaking Field, Combat Shield, Drilling Claws, Neosteel Frame, Neural Parasite, Chitinous Plating, Centrifugal Hooks, Psionic Storm, Corvid Reactor, Metabolic Boost, Infernal Pre-Igniter, 250mm Strike Cannons, Glial Reconstitution, Tunneling Claws  
  15  2:32  Burrow, SCV, Muscular Augments x3  
  15  2:33  Barracks  
  16  2:39  Anion Pulse-Crystals, Refinery  
  17  2:44  SCV  
  17  2:45  Protoss Ground Weapons Level 3, Protoss Shields Level 3, Protoss Ground Armor Level 3  
  17  2:46  Gravitic Boosters, Behemoth Reactor, Gravitic Drive, Graviton Catapult, Caduceus Reactor, Hi-Sec Auto Tracking, Moebius Reactor, Pathogen Glands  
  17  2:56  Zerg Flyer Armor Level 3, SCV, Zerg Melee Weapons Level 3, Terran Ship Weapons Level 3, Terran Infantry Armor Level 3, Protoss Air Armor Level 3, Protoss Air Weapons Level 3, Terran Infantry Weapons Level 3, Zerg Flyer Weapons Level 3, Zerg Missile Weapons Level 3, Terran Vehicle Weapons Level 3, Terran Vehicle And Ship Armor Level 3, Terran Ship Armor Level 3, Terran Vehicle Armor Level 3, Terran Vehicle and Ship Weapons Level 3, Zerg Ground Armor Level 3  
  18  3:00  Concussive Shells, Pneumatized Carapace  
  18  3:08  Protoss Ground Armor Level 2, Protoss Shields Level 2, SCV, Protoss Ground Weapons Level 2  
  19  3:17  Terran Infantry Weapons Level 2, Zerg Ground Armor Level 2, Terran Vehicle And Ship Armor Level 2, Terran Vehicle Weapons Level 2, Protoss Air Weapons Level 2, Zerg Missile Weapons Level 2, Zerg Flyer Weapons Level 2, Terran Infantry Armor Level 2, Terran Ship Armor Level 2, Terran Vehicle Armor Level 2, Terran Vehicle and Ship Weapons Level 2, Zerg Melee Weapons Level 2, Terran Ship Weapons Level 2, Zerg Flyer Armor Level 2, Protoss Air Armor Level 2  
  20  3:31  Protoss Ground Weapons Level 1, SCV x12, Protoss Shields Level 1, Protoss Ground Armor Level 1  
  20  3:32  Blink  
  20  3:36  Command Center  
  20  3:39  Terran Infantry Armor Level 1, Terran Vehicle and Ship Weapons Level 1, Terran Vehicle Weapons Level 1, Zerg Missile Weapons Level 1, Zerg Flyer Armor Level 1, Terran Vehicle And Ship Armor Level 1, Terran Ship Armor Level 1, Terran Vehicle Armor Level 1, Protoss Air Armor Level 1, Zerg Melee Weapons Level 1, Terran Ship Weapons Level 1, Terran Infantry Weapons Level 1, Zerg Ground Armor Level 1, Zerg Flyer Weapons Level 1, Protoss Air Weapons Level 1  
  20  3:43  Unknown x4  
  20  3:44  SCV  
  13  3:53  Weapon Refit, Charge, Warp Gate, Resonating Glaives, Stimpack, Neosteel Armor, Extended Thermal Lance  
  13  3:56  SCV  
  13  4:00  Ventral Sacs, Supply Depot, Adrenal Glands  
  14  4:07  Personal Cloaking  
  14  4:08  SCV  
  15  4:14  Cloaking Field, Combat Shield, Drilling Claws, Neosteel Frame, Neural Parasite, Chitinous Plating, Centrifugal Hooks, Psionic Storm, Corvid Reactor, Metabolic Boost, Infernal Pre-Igniter, 250mm Strike Cannons, Glial Reconstitution, Tunneling Claws  
  15  4:21  SCV  
  15  4:22  Burrow, Muscular Augments x3  
  16  4:24  Barracks  
  16  4:29  Anion Pulse-Crystals  
  16  4:31  Refinery  
  16  4:34  SCV  
  16  4:36  Gravitic Boosters, Behemoth Reactor, Gravitic Drive, Graviton Catapult, Caduceus Reactor, Hi-Sec Auto Tracking, Moebius Reactor, Pathogen Glands  
  17  4:46  SCV  
  17  4:50  Concussive Shells, Pneumatized Carapace  
  18  4:58  SCV  
  19  5:20  SCV x12  
  20  5:26  Command Center  
  20  5:32  Unknown  
  20  5:33  Unknown x3  
  20  5:34  SCV  
  13  5:47  SCV  
  14  5:50  Supply Depot  
  14  5:59  SCV  
  15  6:12  SCV  
  15  6:13  Barracks  
  16  6:19  Refinery  
  16  6:24  SCV  
  17  6:36  SCV  
  18  6:48  SCV  
  20  7:16  Command Center  
Tags
 
Add a new tag
Caveats
  • Supply blocks, unpowered buildings, or Contaminate may cause inaccurate times.
  • Supply counts are checked every 10 seconds.